 Dungeon Crawl Stone Soup version 0.29.1-12-g30fa7ad0bf (webtiles) character file.

Game seed: 13230639321886980110

3204 DildoBatman the Merchant of Misery (level 10, -2/69 (74) HPs)
             Began as a Formicid Conjurer on Jan 18, 2023.
             Was a Believer of Kikubaaqudgha.
             Slain by a bullfrog (8 damage)
             ... on level 7 of the Dungeon.
             The game lasted 00:25:08 (7858 turns).

DildoBatman the Merchant of Misery (FoCj)           Turns: 7858, Time: 00:25:08

HP:   -2/69 (74)    AC:  4    Str: 12    XL:     10   Next: 17%
MP:   20/20         EV: 12    Int: 22    God:    Kikubaaqudgha [**....]
Gold: 351           SH:  0    Dex: 12    Spells: 15/23 levels left

rFire   + . .      SeeInvis +   a - +2 falchion (protect)
rCold   . . .      Faith    .   (no shield)
rNeg    . . .      Spirit   .   j - +0 robe
rPois   .          Reflect  .   (helmet unavailable)
rElec   .          Harm     .   (no cloak)
rCorr   .          Rampage  .   D - +0 pair of gloves
Will    +....                   n - +0 pair of boots
Stlth   ++........              (no amulet)
HPRegen 0.21/turn               x - ring of protection from fire
MPRegen 0.17/turn               (no ring)

@: lethally poisoned (-2 -> -26), marked, drained
A: permanent stasis, dig shafts and tunnels, antennae 3, four strong arms
a: Dig, Shaft Self, Renounce Religion, Unearth Wretches


You were on level 7 of the Dungeon.
You worshipped Kikubaaqudgha.
Kikubaaqudgha was pleased with you.
You visited 2 branches of the dungeon, and saw 8 of its levels.
You also visited: Sewer.

You collected 351 gold pieces.

Inventory:

Hand Weapons
 a - a +2 falchion of protection (weapon)
 b - a +0 shortbow
 d - a +0 spectral quarterstaff
 e - a +2 dagger of draining
Missiles
 h - 11 curare-tipped darts
 o - 30 poisoned darts
Armour
 j - a +0 robe (worn)
 n - a +0 pair of boots (worn)
 D - a +0 pair of gloves (worn)
Jewellery
 x - a ring of protection from fire (left hand)
Wands
 G - a wand of charming (4)
Scrolls
 f - 2 scrolls of fear {unknown}
 i - 2 scrolls of magic mapping {unknown}
 k - a scroll of vulnerability {unknown}
 l - a scroll of brand weapon {unknown}
 m - a scroll of blinking {unknown}
 q - 2 scrolls of identify {unknown}
 s - 2 scrolls of summoning {unknown}
 t - 3 scrolls of teleportation {unknown}
 w - 3 scrolls of enchant armour {unknown}
 y - 3 scrolls of fog {unknown}
 E - 2 scrolls of enchant weapon {unknown}
 I - a scroll of amnesia {unknown}
 J - a scroll of torment {unknown}
Potions
 c - a potion of magic
 g - a potion of heal wounds {unknown}
 p - 5 potions of curing {unknown}
 r - 4 potions of brilliance
 u - 4 potions of lignification
 v - a potion of resistance {unknown}
 z - a potion of might {unknown}
 A - 2 potions of attraction {unknown}
 B - a potion of mutation {unknown}
 C - 2 potions of cancellation
 F - a potion of haste {unknown}
 H - a potion of degeneration {unknown}


   Skills:
 - Level 5.0 Fighting
 - Level 1.0 Long Blades
 - Level 1.0 Ranged Weapons
 - Level 5.0 Armour
 - Level 3.0 Dodging
 - Level 2.4 Stealth
 - Level 7.0 Spellcasting
 - Level 6.0 Conjurations
 * Level 7.6 Necromancy


You had 15 spell levels left.
You knew the following spells:

 Your Spells              Type           Power      Damage    Failure   Level
a - Searing Ray           Conj           68%        2d6       1%          2
c - Magic Dart            Conj           100%       1d8       1%          1
d - Vampiric Draining     Necr           41%        2d8       1%          3
z - Sublimation of Blood  Necr           41%        N/A       1%          2

Your spell library contained the following spells:

 Spells                   Type           Power      Damage    Failure   Level
 Necrotise                Necr           100%       1d9       1%          1
 Animate Dead             Necr           41%        N/A       3%          4
 Dazzling Flash           Conj/Hex       40%        N/A       7%          3
 Sting                    Tmut/Pois      28%        1d4       9%          1
 Summon Small Mammal      Summ           28%        N/A       9%          1
 Call Canine Familiar     Summ           7%         N/A       24%         3
 Confusing Touch          Hex            7%         N/A       24%         3
 Lesser Beckoning         Tloc           7%         N/A       24%         3
 Summon Guardian Golem    Hex/Summ       7%         N/A       24%         3
 Fulminant Prism          Conj/Hex       10%        3d9       24%         4
 Iskenderun's Mystic Bla  Conj/Tloc      20%        2d6       24%         4
 Petrify                  Tmut/Erth      7%         N/A       63%         4
 Manifold Assault         Tloc           7%         N/A       92%         5
 Yara's Violent Unravell  Hex/Tmut       3%         3d4       92%         5
 Enfeeble                 Hex            3%         N/A       100%        7
 Storm Form               Tmut/Air       3%         N/A       100%        7
 Lehudib's Crystal Spear  Conj/Erth      10%        10d4      100%        8
 Blink                    Tloc           Unusable   N/A       N/A         2

Dungeon Overview and Level Annotations

Branches:
Dungeon (7/15)             Temple (1/1) D:4           Sewer (visited)

Altars:
Ashenzari
Cheibriados
Dithmenos
Gozag
Hepliaklqana
Kikubaaqudgha
Makhleb
Nemelex Xobeh
Qazlal
Sif Muna
Trog
Uskayaw
Vehumet
Wu Jian
Xom
Yredelemnul
Zin
The Shining One

Annotations:
D:7 Joseph, Pikel


Innate Abilities, Weirdness & Mutations

You cannot be hasted, slowed, berserked, paralysed or teleported.
You can dig through walls and to a lower floor.
You have a pair of large antennae on your head. (SInv)
Your four strong arms can wield two-handed weapons with a shield.


Message History

The water moccasin bites you.
The water moccasin attacks as you move away!
The water moccasin barely misses you. x2
The bullfrog attacks as you move away! The bullfrog misses you.
The bullfrog attacks as you move away! The bullfrog hits you. x2
The water moccasin attacks as you move away!
The water moccasin bites you.
You are poisoned.
The water moccasin poisons you!
You feel sick. The water moccasin bites you.
You are more poisoned.
The water moccasin poisons you!
You feel very sick. The bullfrog barely misses you.
The bullfrog attacks as you move away! The bullfrog barely misses you.
The water moccasin attacks as you move away!
The water moccasin bites you!
You are lethally poisoned!
The water moccasin poisons you!
You feel very sick. The water moccasin barely misses you.
You feel very sick. The bullfrog closely misses you.
The bullfrog attacks as you move away! The bullfrog misses you.
You feel very sick.
You feel very sick. The water moccasin bites you.
You are more poisoned.
The water moccasin poisons you!
The bullfrog hits you but does no damage.
There is an open door, spattered with blood here.
The bullfrog attacks as you move away! The bullfrog hits you!
You die...
Kikubaaqudgha rasps: "You have failed me!
Welcome... death!"

#..............# #....†
#..............# #.....
#..............# #.....
#..............# #.....
#..............# #.....
#..............# #.....
#..............# #.....
#.........<....######.....
#......##@#####...........
#......#SF....#...........
#......#.F....'...........
#......#..J...#...........
#......'......#......#####
#......#.o....#......#
#......#.5....#......#
{#......#......#......#
##+###......#......#


You could see a water moccasin, a lemure, 2 bullfrogs, a jelly and an orc.

Vanquished Creatures
  Grinder (Sewer)
  4 yaks (D:7)
  Duvessa (D:5)
  2 water moccasins
  An ice beast (D:7)
  3 black bears
  An ogre (D:6)
  A centaur (D:6)
  2 phantoms (D:5)
  3 kobold brigands
  A bullfrog (D:7)
  A necrophage (D:4)
  4 scorpions
  Dowan (D:5)
  An electric eel (D:6)
  A quasit (Sewer)
  5 orc priests
  4 hounds
  3 iguanas
  Terence (D:2)
  An orc wizard (D:6)
  5 gnolls
  7 adders
  3 shadow imps
  2 white imps (D:6)
  5 ufetubi
  An adder zombie (Sewer)
  2 worms (D:2)
  A dart slug (D:5)
  15 orcs
  11 ball pythons
  A bat zombie (Sewer)
  6 endoplasms
  4 giant cockroaches
  3 goblins
  6 hobgoblins
  7 jackals
  26 kobolds
  4 quokkas
  7 bats
  6 frilled lizards
  8 rats
172 creatures vanquished.

Vanquished Creatures (others)
  A yak (D:7)
  13 plants (D:6)
14 creatures vanquished.

Grand Total: 186 creatures vanquished

Notes
Turn   | Place    | Note
-------+----------+-------------------------------------------
     0 | D:1      | DildoBatman the Formicid Conjurer began the quest for the
                  | Orb.
     0 | D:1      | Reached XP level 1. HP: 13/13 MP: 3/3
   270 | D:1      | Reached XP level 2. HP: 20/20 MP: 3/5
   275 | D:1      | Learned a level 2 spell: Searing Ray
   357 | D:1      | Found a faded altar of an unknown god.
   637 | D:1      | Reached skill level 1 in Fighting
   637 | D:1      | Reached XP level 3. HP: 19/26 MP: 6/6
   643 | D:1      | Reached skill level 1 in Armour
  1163 | D:2      | Reached XP level 4. HP: 29/32 MP: 5/8
  1428 | D:2      | Noticed Terence
  1883 | D:3      | Found Goyson's General Store.
  2099 | D:3      | Found an ornate altar of the Wu Jian Council.
  2432 | D:3      | Reached skill level 1 in Long Blades
  2441 | D:3      | Reached XP level 5. HP: 32/38 MP: 3/9
  2946 | D:4      | Reached XP level 6. HP: 38/46 MP: 4/11
  2998 | D:4      | Found a shadowy altar of Dithmenos.
  3004 | D:4      | Found a staircase to the Ecumenical Temple.
  3013 | Temple   | Entered the Ecumenical Temple
  3330 | Temple   | Became a worshipper of Kikubaaqudgha
  3532 | D:4      | Reached XP level 7. HP: 29/52 MP: 8/13
  3777 | D:2      | Killed Terence
  3836 | D:5      | Entered Level 5 of the Dungeon
  3856 | D:5      | Reached skill level 5 in Conjurations
  3998 | D:5      | Noticed a water moccasin
  4059 | D:5      | Reached skill level 5 in Spellcasting
  4094 | D:5      | Killed a water moccasin
  4095 | D:5      | Reached XP level 8. HP: 17/58 MP: 6/16
  4436 | D:5      | Got Sif Muna's Codex of Solid Reformation
  4600 | D:5      | Noticed Duvessa
  4939 | D:6      | Reached * piety under Kikubaaqudgha
  4939 | D:6      | Received a gift from Kikubaaqudgha
  4945 | D:6      | Learned a level 2 spell: Sublimation of Blood
  4949 | D:6      | Learned a level 3 spell: Vampiric Draining
  4954 | D:6      | Found a stormy altar of Qazlal.
  5127 | D:6      | Found a glowing drain.
  5140 | Sewer    | Entered a sewer
  5613 | Sewer    | Found a burning altar of Makhleb.
  5727 | Sewer    | Reached skill level 1 in Ranged Weapons
  5727 | Sewer    | Reached XP level 9. HP: 43/65 MP: 13/19
  5783 | Sewer    | Noticed Grinder
  5790 | Sewer    | Killed Grinder
  6077 | D:6      | Reached skill level 5 in Fighting
  6077 | D:6      | Reached skill level 5 in Armour
  6077 | D:6      | Reached skill level 1 in Necromancy
  6206 | D:6      | Found a sparkling altar of Nemelex Xobeh.
  6286 | D:6      | Reached ** piety under Kikubaaqudgha
  6435 | D:6      | Found a bloodstained altar of Trog.
  6600 | D:5      | Noticed Dowan
  6614 | D:5      | Killed Dowan
  6615 | D:5      | Killed Duvessa
  6771 | D:7      | Noticed Pikel
  7003 | D:7      | Reached skill level 5 in Necromancy
  7249 | D:7      | Reached XP level 10. HP: 49/74 MP: 10/20
  7487 | D:7      | Noticed Joseph
  7858 | D:7      | Slain by a bullfrog

Illustrated notes

Levels and vault maps discovered:
D:1:      saegor_arrival_simple_d, layout_basic,
          ebering_ecumenical_altar_petrified, minmay_domino_4
D:2:      layout_rooms, uniq_terence
D:3:      layout_loops_corners, pdpol_wu_jian_five_deadly_venoms, serial_shops,
          nicolae_lakefront_shop
D:4:      layout_cave_pools, lemuel_doored_altar,
          minmay_temple_entry_statues_pillars, kennysheep_generic_room_11
D:5:      layout_gridville, minmay_checkerbox, uniq_duvessa
D:6:      layout_basic, kennysheep_mini, nicolae_qazlal_eye_of_the_storm,
          mainiacjoe_overflow_catwalk, serial_glass, glass_columns_b,
          glass_columns_c, portal_sewer_entry_d, serial_bayou_lagoon_a
D:7:      layout_gridville, uniq_joseph, uniq_pikel
Temple:   compressed_dpeg_triangle_lava_temple

Skill      XL: |  1  2  3  4  5  6  7  8  9 10 |
---------------+-------------------------------+-----
Dodging        | 2 3 |  3.0
Fighting       | 1 2 3 4 5 |  5.0
Armour         | 1 2 3 5 |  5.0
Conjurations   | 4 5 6 |  6.0
Spellcasting   | 3 4 5 7 |  7.0
Long Blades    | 1 |  1.0
Ranged Weapons | 1 |  1.0
Necromancy     | 6 7 |  7.6
Stealth        | |  2.4

Action                   |  1- 3 |  4- 6 |  7- 9 | 10-12 || total
-------------------------+-------+-------+-------+-------++-------
Melee: Spear             |    36 |       |       |       ||    36
       Falchion          |    27 |    77 |    71 |    10 ||   185
       Punch             |       |     2 |     1 |       ||     3
 Fire: Sling             |       |     4 |       |       ||     4
       Shortbow          |       |       |    42 |     1 ||    43
 Cast: Magic Dart        |    21 |    35 |    66 |     4 ||   126
       Searing Ray       |     3 |    10 |    54 |     4 ||    71
       Vampiric Draining |       |       |       |     5 ||     5
 Abil: Dig               |       |     1 |     1 |     2 ||     4
Evoke: Wand              |       |       |     1 |     2 ||     3
  Use: Potion            |       |       |     3 |       ||     3
 Stab: Sleeping          |     5 |     1 |     1 |       ||     7
Armor: Robe              |     7 |    28 |    42 |    10 ||    87
Dodge: Dodged            |    51 |    51 |   107 |    23 ||   232
